 Dungeon Crawl Stone Soup version 0.25-a0-163-g00f8f0cddd (webtiles) character file.

Game seed: 10046577382248483797, levelgen mode: deterministic

1637 Gargoyl the Agent of Entropy (level 8, -9/67 HPs)
             Began as a Centaur Abyssal Knight on Nov 22, 2019.
             Was a Priest of Lugonu.
             Mangled by an ogre
             ... wielding a +0 giant club
              (21 damage)
             ... on level 8 of the Dungeon.
             The game lasted 00:08:59 (6885 turns).

Gargoyl the Agent of Entropy (CeAK)                 Turns: 6885, Time: 00:09:00

Health: -9/67      AC: 13    Str: 16    XL:     8   Next: 66%
Magic:  11/11      EV:  3    Int: 11    God:    Lugonu [***...]
Gold:   386        SH:  3    Dex: 10    Spells: 7/7 levels left

rFire    . . .     SeeInvis .   a - +3 hand axe
rCold    . . .     Gourm    .   e - +0 buckler
rNeg     . . .     Faith    .   l - +0 plate armour
rPois    +         Spirit   .   (helmet restricted)
rElec    .         Reflect  .   h - +1 cloak
rCorr    .         Harm     .   i - +0 pair of gloves
MR       .....     Rnd*Rage +   (no barding)
Stlth    ..........             (no amulet)
HPRegen  0.21/turn              k - ring of stealth
MPRegen  0.12/turn              (no ring)

@: lethally poisoned (-9 -> -13), very quick
A: large, hooves 3, horns 1, berserk 1, deformed body, speed 2, poison
resistance, tough skin 3, subdued magic 1
a: Depart the Abyss, Bend Space, Banish, Renounce Religion


You were on level 8 of the Dungeon.
You worshipped Lugonu.
Lugonu was most pleased with you.
You were very hungry.

You visited 1 branch of the dungeon, and saw 9 of its levels.
You visited the Abyss 1 time.

You collected 386 gold pieces.

Inventory:

Hand Weapons
 a - a +3 hand axe (weapon)
Missiles
 p - 2 javelins (quivered)
Armour
 e - a +0 buckler (worn)
 h - a +1 cloak (worn)
 i - a +0 pair of gloves (worn)
 l - a +0 plate armour (worn)
 t - a +0 helmet
Jewellery
 k - a ring of stealth (left hand)
Wands
 v - a wand of enslavement (8)
Scrolls
 f - 4 scrolls of remove curse
 m - 2 scrolls of teleportation
 o - 3 scrolls of identify
 u - a scroll of enchant weapon
 w - a scroll of blinking {unknown}
 x - a scroll of immolation {unknown}
Potions
 b - 2 potions of lignification
 d - a potion of mutation
 g - 3 potions of agility
 j - a potion of heal wounds
 n - 3 potions of brilliance {unknown}
 q - 4 potions of curing
 r - 2 potions of cancellation {unknown}
 s - a potion of invisibility {unknown}
Comestibles
 c - 14 rations


   Skills:
 + Level 4.5 Fighting
 + Level 4.8 Axes
   Level 1.1 Crossbows
 + Level 0.1 Throwing
 * Level 5.0 Armour
 * Level 3.2 Dodging
 + Level 1.0 Shields
 * Level 5.1 Invocations


You had 7 spell levels left.
You didn't know any spells.
Your spell library contained the following spells:

 Spells                   Type           Power        Failure   Level  Hunger
 Magic Dart               Conj           #...         100%        1    ##.....
 Blink                    Tloc           N/A          100%        2    ###....
 Call Imp                 Summ           #.......     100%        2    ###....
 Slow                     Hex            #.......     100%        2    ###....
 Conjure Flame            Conj/Fire      #.......     100%        3    ####...
 Mephitic Cloud           Conj/Pois/Air  #.......     100%        3    ####...


Dungeon Overview and Level Annotations

Branches:
Dungeon (9/15)             Temple (0/1) D:6
   Lair: D:8-11         Orc: D:9-12

Altars:
Cheibriados
Hepliaklqana
Kikubaaqudgha
Makhleb
Nemelex Xobeh
Uskayaw
Yredelemnul

Shops:
D:4 %

Annotations:
D:5 Prince Ribbit


Innate Abilities, Weirdness & Mutations

You have hooves in place of feet.
Armour fits poorly on your strangely shaped body.
You cover ground very quickly.
You have extremely tough skin. (AC +3)
You have a pair of small horns on your head.
You tend to lose your temper in combat.
Your system is resistant to poisons. (rPois)
Your spells are a little easier to cast, but a little less powerful.


Message History

The scorpion stings you.
You barely miss the ogre.
The ogre is moderately wounded.
You barely miss the scorpion. The scorpion stings you.
The ogre hits you with a +0 giant club!
Unknown command.
You hit the ogre. You kick the ogre!
The ogre is almost dead.
You hit the scorpion.
The scorpion stings you but does no damage.
The ogre hits you with a +0 giant club!
* * * LOW HITPOINT WARNING * * *
You hit the ogre.
The ogre is almost dead.
You closely miss the scorpion. The scorpion stings you.
* * * LOW HITPOINT WARNING * * *
You are poisoned.
The scorpion poisons you!
The ogre hits you with a +0 giant club!!
You die...

. #######.. ..
#.......# ... #.......#
.... #.......# #####
.....
#.......###...##......
#..............)......
#[....s.......########
#......@O............
#.............##.#...
#.............# .#.
#.............#....
#........(().....#
#####....).?.###.######
#....((...........#
#####.(..####.....#
#.(..# #.....#


You could see an ogre and a scorpion.

Vanquished Creatures
  An ice beast (D:6)
  A phantom (D:4)
  3 ogres (D:8)
  3 centaurs
  A big kobold (D:8)
  2 bullfrogs
  A scorpion (D:6)
  2 howler monkeys (D:6)
  A crimson imp (D:6)
  A gnoll shaman (D:7)
  A bullfrog zombie (D:8)
  A centaur skeleton (D:8)
  3 hounds
  2 jellies
  Jessica (D:6)
  An iguana (D:5)
  2 worker ants (D:6)
  A killer bee zombie (D:6)
  A hound zombie (D:7)
  2 worker ant zombies (D:6)
  5 gnolls (D:7)
  5 adders
  A shadow imp (D:7)
  2 adder skeletons
  An adder zombie (D:8)
  4 worms
  5 leopard geckos
  6 orcs
  5 giant cockroaches
  6 goblins
  6 hobgoblins
  9 jackals
  4 quokkas
  3 ball pythons (D:3)
  8 bats
  4 frilled lizards
  A jackal zombie (D:6)
  11 kobolds
  5 rats
122 creatures vanquished.

Vanquished Creatures (collateral kills)
  An orc (D:7)
1 creature vanquished.

Grand Total: 123 creatures vanquished

Notes
Turn   | Place    | Note
-------+----------+-------------------------------------------
     0 | Abyss:1  | Gargoyl the Centaur Abyssal Knight began the quest for the
                  | Orb.
     0 | Abyss:1  | Reached XP level 1. HP: 19/19 MP: 2/2
    52 | Abyss:2  | Noticed a large abomination
    56 | Abyss:2  | Noticed a small abomination
    56 | Abyss:2  | Noticed an ice devil
    61 | Abyss:2  | Noticed an orange demon
    62 | Abyss:2  | Gained mutation: Your magical capacity is low. (-10% MP)
                  | [potion of mutation]
    62 | Abyss:2  | Gained mutation: You are partially covered in yellow
                  | scales. (AC +2) [potion of mutation]
    63 | D:1      | Escaped the Abyss
   358 | D:1      | Reached XP level 2. HP: 25/26 MP: 3/3
   455 | D:1      | Reached skill level 1 in Dodging
   467 | D:1      | Reached * piety under Lugonu
   968 | D:2      | Reached XP level 3. HP: 31/31 MP: 4/4
  1093 | D:2      | Found a sparkling altar of Nemelex Xobeh.
  2355 | D:3      | Reached XP level 4. HP: 34/38 MP: 5/5
  2416 | D:3      | Found a burning altar of Makhleb.
  2523 | D:3      | Found a hazy altar of Hepliaklqana.
  2754 | D:4      | Got a distressingly furry leather armour
  2774 | D:4      | Identified the cursed +1 leather armour of Axtegif {rPois
                  | MR+ MP-9 Str+2} (You found it on level 4 of the Dungeon)
  2818 | D:4      | Reached ** piety under Lugonu
  3077 | D:4      | Found Delicur's Food Boutique.
  3089 | D:4      | Noticed a phantom
  3149 | D:4      | Killed a phantom
  3149 | D:4      | Reached XP level 5. HP: 23/46 MP: 6/6
  3774 | D:5      | Entered Level 5 of the Dungeon
  3802 | D:5      | Noticed a centaur
  3810 | D:5      | Killed a centaur
  3810 | D:5      | Reached XP level 6. HP: 30/52 MP: 7/7
  3941 | D:5      | Noticed Prince Ribbit
  4494 | D:6      | Found a basalt altar of Yredelemnul.
  4513 | D:6      | Reached XP level 7. HP: 43/59 MP: 8/8
  4540 | D:6      | HP: 2/59 [ice beast (14)]
  4788 | D:6      | Found a staircase to the Ecumenical Temple.
  5179 | D:6      | Found a sparkling altar of Nemelex Xobeh.
  5179 | D:6      | Noticed Jessica
  5183 | D:6      | Killed Jessica
  5650 | D:7      | Reached XP level 8. HP: 24/66 MP: 10/10
  5658 | D:7      | Got a twisted hand crossbow
  5665 | D:7      | Identified the +0 hand crossbow of a volcano {flame, SInv}
                  | (You found it on level 7 of the Dungeon)
  6012 | D:7      | Found a hide-covered altar of Uskayaw.
  6019 | D:7      | Found a snail-covered altar of Cheibriados.
  6044 | D:7      | Found an ancient bone altar of Kikubaaqudgha.
  6155 | D:8      | Reached skill level 1 in Crossbows
  6498 | D:8      | Lost mutation: Your magical capacity is low. (-10% MP)
                  | [potion of mutation]
  6498 | D:8      | Lost mutation: You are partially covered in yellow scales.
                  | (AC +2) [potion of mutation]
  6498 | D:8      | Gained mutation: Your spells are a little easier to cast,
                  | but a little less powerful. [potion of mutation]
  6498 | D:8      | Gained mutation: You tend to lose your temper in combat.
                  | [potion of mutation]
  6498 | D:8      | Gained mutation: Your system is resistant to poisons.
                  | (rPois) [potion of mutation]
  6498 | D:8      | Gained mutation: You have a pair of small horns on your
                  | head. [potion of mutation]
  6576 | D:8      | Reached *** piety under Lugonu
  6578 | D:8      | Reached skill level 1 in Shields
  6578 | D:8      | Reached skill level 5 in Invocations
  6631 | D:8      | Reached skill level 5 in Armour
  6885 | D:8      | Mangled by an ogre

Levels and vault maps discovered:
D:1:      wander_arrival_lonely_grave, layout_basic,
          chequers_serial_rivers_small_a, minmay_misc_feat_four_crosses
D:2:      layout_basic, lemuel_round_altar, first_ration
D:3:      layout_rooms, lemuel_round_altar, makhleb_grotto_becter,
          kennysheep_another_room
D:4:      layout_basic, serial_shops, kennysheep_mini_moat
D:5:      layout_basic, fountainhead, nemelex_dance_club_becter, uniq_eustachio,
          uniq_prince_ribbit1
D:6:      layout_basic, minmay_temple_entry_ruins, gup_sewer_entry_spiral,
          basic_altar, nemelex_lonely_heart_becter
D:7:      layout_cave_pools, kiku_gazebo_pond_becter,
          grunt_temple_overflow_open, chequers_decorated_corner
D:8:      layout_basic
D:9:      layout_stronghold

Skill      XL: |  1  2  3  4  5  6  7  8 |
---------------+-------------------------+-----
Dodging        | 1 2 3 |  3.2
Axes           | 2 3 4 |  4.8
Armour         | 2 3 4 5 |  5.0
Invocations    | 3 4 5 |  5.1
Fighting       | 4 |  4.5
Crossbows      | 1 |  1.1
Shields        | 1 |  1.0
Throwing       | |  0.1

Action                   |  1- 3 |  4- 6 |  7- 9 || total
-------------------------+-------+-------+-------++-------
Melee: Hand axe          |   135 |   167 |   196 ||   498
       Kick              |    18 |    40 |    48 ||   106
       Headbutt          |       |       |     1 ||     1
 Fire: Hand crossbow     |       |       |    19 ||    19
Throw: Javelin           |       |       |     2 ||     2
Invok: Depart the Abyss  |     1 |       |       ||     1
  Use: Potion            |     1 |     1 |     2 ||     4
       Scroll            |     1 |     7 |     3 ||    11
  Eat: Chunk             |     3 |     6 |     6 ||    15
Armor: Leather armour    |    41 |       |       ||    41
       Plate armour      |    73 |   170 |   195 ||   438
Dodge: Dodged            |    51 |     7 |    27 ||    85
Block: Buckler           |    12 |    20 |    25 ||    57

Table legend:
 A = Non-vault XP
 B = Vault XP
 C = Vault XP percentage of total XP
 D = Non-vault monster count
 E = Vault monster count
 F = Vault count percentage of total count
                 A         B        C        D         E       F
            +---------+---------+-------+---------+---------+-------
      Total |    2277 |      62 |   2.7 |     116 |       7 |   5.7
            +---------+---------+-------+---------+---------+-------
        D:1 |      39 |       0 |   0.0 |      23 |       0 |   0.0
        D:2 |      14 |       0 |   0.0 |      10 |       0 |   0.0
        D:3 |      49 |       0 |   0.0 |      13 |       0 |   0.0
        D:4 |     196 |       0 |   0.0 |      13 |       0 |   0.0
        D:5 |     193 |       0 |   0.0 |       5 |       0 |   0.0
        D:6 |     749 |      62 |   7.6 |      20 |       7 |  25.9
        D:7 |     305 |       0 |   0.0 |      13 |       0 |   0.0
        D:8 |     732 |       0 |   0.0 |      19 |       0 |   0.0
            +---------+---------+-------+---------+---------+-------
